 Dungeon Crawl Stone Soup version 0.18-a0-824-g47fe746 (webtiles) character file.

43424 Raultor the Grappler (level 13, -3/132 HPs)
             Began as a Troll Monk on Dec 17, 2015.
             Slain by a slime creature (15 damage)
             ... on level 1 of the Pits of Slime.
             The game lasted 01:06:01 (14148 turns).

Raultor the Grappler (Troll Monk)                  Turns: 14148, Time: 01:06:02

Health: -3/132     AC: 10    Str: 26    XL:     13   Next: 90%
Magic:  13/13      EV: 15    Int:  6    God:
Gold:   970        SH: 13    Dex: 16    Spells: 1 memorised, 9 levels left

rFire  . . .     SeeInvis .       - Unarmed
rCold  . . .     Gourm    +     W - +0 troll leather armour {regen}
rNeg   . . .     Faith    .     X - +2 shield
rPois  +         Spirit   .     (helmet restricted)
rElec  .         Dismiss  .     w - +2 cloak
rCorr  .         Reflect  .     (gloves unavailable)
SustAt .         Harm     +     (boots unavailable)
MR     .....     Clarity  +     R - amulet of harm
Stlth  +.........               N - +4 ring of strength
                                q - ring of poison resistance (curse) {rPois, !d}

@: not resistant to hostile enchantments, very unstealthy
A: unfitting armour, claws 3, blurry vision 1, clarity, fast metabolism 3,
gourmand, regeneration 3, shaggy fur 1, tough skin 2
a: no special abilities


You were on level 1 of the Pits of Slime.
You were not hungry.

You visited 4 branches of the dungeon, and saw 18 of its levels.
You also visited: Ice Cave.

You collected 1122 gold pieces.
You spent 152 gold pieces at shops.

Inventory:

Hand Weapons
 Q - the +7 long sword of Disaster {flame, rF+++ Int+5 Dex-2}
   (You found it on level 8 of the Dungeon)

   It has been specially enchanted to burn those struck by it, causing extra
   injury to most foes and up to half again as much damage against particularly
   susceptible opponents.
   Big, fiery blades are also staple armaments of hydra-hunters.
   It affects your intelligence (+5).
   It affects your dexterity (-2).
   It renders you almost immune to fire.
Missiles
 d - 3 throwing nets {=f, !d}
 o - 11 javelins (quivered)
Armour
 w - a +2 cloak (worn)
   (You found it on level 3 of the Dungeon)
 C - a +1 robe of resistance
   (You took it off Erica on level 8 of the Dungeon)
 O - a +2 robe of magic resistance
   (You took it off Psyche on level 8 of the Dungeon)
 W - a +0 troll leather armour (worn) {regen}
   (You found it on level 9 of the Dungeon)
 X - a +2 shield (worn)
   (You took it off a gnoll sergeant on level 9 of the Dungeon)
Magical Staves
 p - an uncursed staff of death {rN+}
   (You found it on level 4 of the Lair of Beasts)
Rods
 a - a +0 rod of clouds (17/17) {!a}
   (You found it on level 5 of the Dungeon)
Jewellery
 e - an uncursed ring of wizardry {Wiz+, !d}
   (You found it on level 1 of the Dungeon)
 q - a cursed ring of poison resistance (left claw) {rPois, !d}
   (You found it on level 4 of the Lair of Beasts)
 N - a +4 ring of strength (right claw)
   (You found it on level 3 of the Lair of Beasts)
 R - an amulet of harm (around neck)
   (You found it on level 4 of the Lair of Beasts)
 Z - a +3 ring of evasion
   (You found it on level 4 of the Lair of Beasts)
Wands
 y - a wand of heal wounds (3)
   (You took it off Edmund on level 4 of the Dungeon)
 D - a wand of polymorph (5)
   (You took it off Blork the orc on level 6 of the Dungeon)
 E - a wand of disintegration (9)
   (You found it on level 5 of the Dungeon)
 L - a wand of heal wounds (6)
   (You found it on level 7 of the Dungeon)
 M - a wand of cold (4)
   (You found it on level 5 of the Lair of Beasts)
 T - a wand of enslavement (11)
   (You found it on level 9 of the Dungeon)
 U - a wand of fireball (7)
   (You found it on level 9 of the Dungeon)
 V - a wand of teleportation (6)
   (You found it on level 3 of the Lair of Beasts)
Scrolls
 c - 2 scrolls of recharging
 f - 3 scrolls of remove curse
 h - 4 scrolls of teleportation
 i - 3 scrolls of identify
 j - 4 scrolls of magic mapping {!r}
 r - 2 scrolls of enchant armour
 u - 3 scrolls of immolation {!r}
 F - 4 scrolls of amnesia
 I - 3 scrolls of fear
 J - a scroll of blinking {!r}
 K - 2 scrolls of brand weapon
 P - a scroll of fog
Potions
 g - 3 potions of heal wounds
 k - 2 potions of haste
 l - 3 potions of flight
 m - a potion of invisibility
 n - 2 potions of might
 z - 3 potions of agility
 B - 2 potions of brilliance
 G - 2 potions of curing
Miscellaneous
 H - a stone of tremors
   (You found it on level 1 of the Lair of Beasts)
Comestibles
 b - 15 bread rations {@e1}
 s - 14 fruits
 t - 2 slices of pizza
 v - 7 meat rations {@e2}
 x - 12 beef jerkies
 Y - 13 royal jellies


   Skills:
 + Level 9.7 Fighting
 - Level 7.0 Throwing
 + Level 10.0 Dodging
 - Level 1.1 Stealth
 + Level 6.8 Shields
 - Level 14.6 Unarmed Combat
 + Level 2.1 Evocations


You had 9 spell levels left.
You knew the following spells:

 Your Spells              Type           Power        Failure   Level  Hunger
r - Regeneration          Chrm/Necr      #.........   100%        3    ####...


Dungeon Overview and Level Annotations

Branches:
Dungeon (9/15)             Temple (1/1) D:7            Lair (6/8) D:9
  Swamp (0/4) Lair:3        Slime (2/6) Lair:6          Orc (0/2) D:9
  Snake: Lair:3-6    Spider: Lair:3-6

Altars:
Ashenzari
Cheibriados
Dithmenos
Elyvilon
Fedhas
Gozag
Kikubaaqudgha
Makhleb
Nemelex Xobeh
Okawaru
Pakellas
Qazlal
Ru
Sif Muna
Trog
Vehumet
Xom
Yredelemnul
Zin
The Shining One

Shops:
D:9 (=*

Annotations:
Lair:3 exclusion: hydra
Slime:2 exclusion: jelly


Innate Abilities, Weirdness & Mutations

You are too large for most types of armour.
You have claws for hands.
Your metabolism is lightning-fast.
You like to eat raw meat.
You regenerate.
You are covered in fur (AC +1).
You have very tough skin (AC +2).
Scrolls take you a little longer to read.
You possess an exceptional clarity of mind.


Message History

You barely miss the slime creature.
You scratch the slime creature but do no damage.
You block the slime creature's attack.
You scratch the slime creature but do no damage.
The slime creature hits you!
You take 8 damage, and have 124/132 hp.
You scratch the slime creature. The slime creature hits you!
You take 9 damage, and have 115/132 hp.
You mangle the slime creature!! You scratch the slime creature.
The slime creature closely misses you.
You regained 2 hp, and now have 118/132 hp.
You claw the slime creature! You block the slime creature's attack.
You eviscerate the slime creature!!!
You kill the slime creature!
You regained 2 hp, and now have 120/132 hp.
No target in view!
There is an escape hatch in the floor here.
You regained 8 hp, and now have 128/132 hp.
There is a stone staircase leading down here.
Health restored: 132 You climb downwards.
Level annotation: exclusion: jelly 7 slime creatures come into view.
The slime creature quivers. x4
Two slime creatures merge to form a large slime creature.
There is a stone staircase leading up here.
A slime creature comes into view.
The wall burns you!
The slime creature quivers.
You take 13 damage, and have 119/132 hp.
A slime creature comes into view.
The slime creature quivers.
Two slime creatures merge to form a large slime creature.
You claw the large slime creature!
The slime creature hits you but does no damage.
You claw the large slime creature! The slime creature closely misses you.
A slime creature comes into view.
You mangle the large slime creature!!
A large slime creature splits.
Two slime creatures merge to form a large slime creature.
You block the slime creature's attack.
You completely miss the large slime creature.
Two slime creatures merge to form a large slime creature.
Two slime creatures merge to form a very large slime creature.
You mangle the very large slime creature!!
Two slime creatures merge to form an enormous slime creature.
You scratch the enormous slime creature.
A large slime creature splits.
The large slime creature misses you.
You scratch the enormous slime creature.
Two slime creatures merge to form a very large slime creature.
The slime creature closely misses you.
You claw the enormous slime creature! The slime creature hits you!
An enormous slime creature splits.
You block the slime creature's attack.
The very large slime creature barely misses you.
You take 11 damage, and have 116/132 hp.
You scratch the large slime creature. You block the slime creature's attack.
You mangle the large slime creature!!
You block the large slime creature's attack.
The slime creature misses you.
The very large slime creature hits you!!!
Ouch! That really hurt!
A large slime creature splits.
Two slime creatures merge to form an enormous slime creature.
You take 66 damage, and have 51/132 hp.
MASSIVE DAMAGE!!
You scratch the slime creature.
The slime creature completely misses you.
The large slime creature hits you. The slime creature barely misses you.
The slime creature misses you.
You take 6 damage, and have 45/132 hp.
You claw the slime creature! You block the slime creature's attack.
You block the slime creature's attack. The large slime creature hits you!
* * * LOW HITPOINT WARNING * * *
You block the slime creature's attack.
You take 13 damage, and have 32/132 hp.
You mangle the slime creature!!
You kill the slime creature!
The slime creature completely misses you.
The enormous slime creature hits you.
* * * LOW HITPOINT WARNING * * *
You block the slime creature's attack.
You take 1 damage, and have 31/132 hp.
Two slime creatures merge to form a large slime creature.
The slime creature hits you!
* * * LOW HITPOINT WARNING * * *
An enormous slime creature splits.
You take 11 damage, and have 20/132 hp.
There is a stone staircase leading up here.
A large slime creature splits.
Two slime creatures merge to form a very large slime creature.
A large slime creature splits.
You climb upwards.
There is a stone staircase leading down here.
You regained 3 hp, and now have 24/132 hp.
Unknown command.
The slime creature hits you!
* * * LOW HITPOINT WARNING * * *
Two slime creatures merge to form a large slime creature.
You take 14 damage, and have 10/132 hp.
The slime creature hits you!
You die...

....#.........#..........#
.....##.......#..........#
#................#......##
#.......#...............#
##.....................##
#.......#....J.....###
##.#........J>......##
#..........@JJ...<.#..#
#.....................#
##.............#.##...#
##.##...##.##.....#...##
## #...#....###..>.......#
..# ##.##....# ##.....#..#
...###...#....# #....#####
..#.###.......# .....#


You could see a very large slime creature, a large slime creature and 2 slime
creatures.

Vanquished Creatures
  An acid blob (Slime:1)
  Maud (Lair:5)
  The ghost of nublet the Transmogrifier, a journeyman DsTm of Sif Muna (Lair:4)
  A centaur warrior (D:8)
  3 hydras
  15 death yaks
  Erica (D:8)
  Nergalle (Lair:4)
  A deep elf knight (D:9)
  Pikel (D:8)
  A shining eye (Slime:1)
  A torpor snail (Lair:5)
  3 black mambas
  Psyche (D:8)
  9 spiny frogs
  2 fire drakes (Lair:2)
  2 komodo dragons (Lair:3)
  A troll (D:9)
  A polar bear (Lair:3)
  A queen bee (Lair:1)
  Grinder (D:4)
  5 blink frogs (Lair:5)
  17 slime creatures
  9 yaks
  Grum (D:8)
  Eustachio (D:9)
  The ghost of JokEr the Insei, an amateur OpTm (D:3)
  3 steam dragons
  4 hippogriffs
  10 wolves
  Edmund (D:4)
  13 water moccasins
  Duvessa (D:6)
  2 slaves (D:8)
  7 porcupines
  An eye of draining (Slime:1)
  4 sky beasts
  A necrophage (D:7)
  9 ice beasts
  4 phantoms
  4 ogres
  6 orc warriors
  2 centaurs
  9 crocodiles
  2 big kobolds
  Blork the orc (D:6)
  7 giant frogs
  2 gnoll sergeants (D:9)
  Dowan (D:6)
  3 scorpions
  33 killer bees
  2 giant frog zombies
  A quasit (D:4)
  2 crimson imps
  16 jellies
  2 centaur zombies
  14 orc wizards
  A centaur skeleton (D:7)
  3 orc priests
  Natasha (thrice) (D:2)
  3 hounds
  8 iguanas
  6 worker ants
  11 sheep
  2 hound skeletons
  A hound zombie (D:5)
  7 gnolls
  6 adders
  89 river rats
  3 shadow imps
  A white imp (D:8)
  2 oozes
  2 worms
  3 adder skeletons
  An adder zombie (D:8)
  5 giant geckos
  27 orcs
  6 giant cockroaches
  4 goblins
  3 hobgoblins
  4 jackals (D:4)
  7 bats
  6 giant newts
  2 jackal skeletons
  16 kobolds
  4 quokkas
  22 rats
508 creatures vanquished.

Vanquished Creatures (collateral kills)
  A spiny frog (Lair:3)
1 creature vanquished.

Vanquished Creatures (others)
  Donald (Slime:1)
  An orc wizard (D:6)
  4 fungi
6 creatures vanquished.

Grand Total: 515 creatures vanquished

Notes
Turn   | Place    | Note
--------------------------------------------------------------
     0 | D:1      | Raultor the Troll Monk began the quest for the Orb.
     0 | D:1      | Reached XP level 1. HP: 22/22 MP: 0/0
    65 | D:1      | Reached XP level 2. HP: 25/29 MP: 1/1
   132 | D:1      | Reached skill level 1 in Throwing
   714 | D:2      | Found an opulent altar of Gozag.
   795 | D:2      | Reached XP level 3. HP: 33/36 MP: 2/2
   837 | D:2      | Noticed Natasha
   853 | D:2      | Killed Natasha
   853 | D:2      | Reached XP level 4. HP: 24/44 MP: 3/3
  1071 | D:2      | Noticed Natasha
  1080 | D:2      | Killed Natasha
  1153 | D:2      | Noticed Natasha
  1246 | D:2      | Killed Natasha
  1582 | D:2      | Found a deep blue altar of Sif Muna.
  1640 | D:3      | Noticed JokEr's ghost (amateur OpTm)
  1644 | D:3      | Killed JokEr's ghost
  1644 | D:3      | Reached skill level 3 in Fighting
  1644 | D:3      | Reached skill level 2 in Throwing
  1644 | D:3      | Reached skill level 3 in Dodging
  1644 | D:3      | Reached XP level 5. HP: 49/53 MP: 4/4
  1758 | D:3      | Reached skill level 5 in Unarmed Combat
  1854 | D:3      | Reached XP level 6. HP: 61/61 MP: 5/5
  2219 | D:4      | Noticed Grinder
  2239 | D:4      | Killed Grinder
  2239 | D:4      | Reached skill level 3 in Throwing
  2239 | D:4      | Reached XP level 7. HP: 61/68 MP: 6/6
  2333 | D:4      | Found a bloodstained altar of Trog.
  2449 | D:4      | Noticed Edmund
  2472 | D:4      | Killed Edmund
  2472 | D:4      | Reached skill level 4 in Fighting
  2472 | D:4      | Reached skill level 4 in Dodging
  2472 | D:4      | Reached skill level 6 in Unarmed Combat
  2681 | D:5      | Entered Level 5 of the Dungeon
  2692 | D:5      | Identified a -3 rod of clouds (13/13) (You found it on level 5 of the Dungeon)
  2960 | D:5      | Reached XP level 8. HP: 79/79 MP: 7/7
  3211 | D:5      | Found a white marble altar of Elyvilon.
  3405 | D:5      | Reached skill level 4 in Throwing
  3405 | D:5      | Reached skill level 7 in Unarmed Combat
  3727 | D:6      | Noticed Blork the orc
  3771 | D:6      | Killed Blork the orc
  3810 | D:6      | Noticed Dowan
  3831 | D:6      | Noticed Duvessa
  3840 | D:6      | Killed Duvessa
  3840 | D:6      | Reached skill level 5 in Dodging
  3844 | D:6      | Killed Dowan
  3844 | D:6      | Reached skill level 5 in Fighting
  4146 | D:6      | Found a glowing golden altar of the Shining One.
  4265 | D:6      | Reached skill level 8 in Unarmed Combat
  4340 | D:7      | Reached XP level 9. HP: 88/88 MP: 8/8
  4478 | D:7      | Reached skill level 5 in Throwing
  4871 | D:7      | Reached skill level 9 in Unarmed Combat
  5088 | D:7      | Reached skill level 6 in Dodging
  5097 | D:7      | Found a staircase to the Ecumenical Temple.
  5132 | Temple   | Entered the Ecumenical Temple
  5354 | D:8      | Noticed Grum
  5369 | D:8      | Killed Grum
  5369 | D:8      | Reached skill level 6 in Throwing
  5369 | D:8      | Reached XP level 10. HP: 84/98 MP: 9/9
  5411 | D:8      | Reached skill level 6 in Fighting
  5587 | D:8      | Found a stormy altar of Qazlal.
  5673 | D:8      | Found a blossoming altar of Fedhas.
  5746 | D:8      | Noticed Pikel
  5776 | D:8      | Killed Pikel
  5776 | D:8      | Reached skill level 10 in Unarmed Combat
  5900 | D:8      | Found a glowing silver altar of Zin.
  5969 | D:8      | Noticed a centaur warrior
  5986 | D:8      | Killed a centaur warrior
  6071 | D:8      | Noticed Psyche
  6083 | D:8      | Killed Psyche
  6300 | D:8      | Noticed Erica
  6345 | D:8      | Killed Erica
  6454 | D:8      | Got a dazzling long sword
  6462 | D:8      | Identified the +7 long sword of Disaster {flame, rF+++ Int+5 Dex-2} (You found it on level 8 of the Dungeon)
  6508 | D:8      | Found an ancient bone altar of Kikubaaqudgha.
  6623 | D:8      | Found a shattered altar of Ashenzari.
  6719 | D:9      | Reached skill level 7 in Dodging
  6756 | D:9      | Learned a level 3 spell: Regeneration
  6792 | D:9      | Found Jeiseuc's General Store.
  6810 | D:9      | Bought a scroll of blinking for 120 gold pieces
  6810 | D:9      | Bought a scroll of identify for 32 gold pieces
  6812 | D:9      | Found Ruroc's Jewellery Shoppe.
  6949 | D:9      | Found Aro Bom's Antique Weapon Shoppe.
  7019 | D:9      | Reached skill level 11 in Unarmed Combat
  7047 | D:9      | Found a staircase to the Orcish Mines.
  7104 | D:9      | Reached skill level 7 in Throwing
  7282 | D:9      | Noticed Eustachio
  7367 | D:9      | Killed Eustachio
  7367 | D:9      | Reached XP level 11. HP: 107/107 MP: 10/10
  7584 | D:9      | Found a staircase to the Lair.
  7618 | D:9      | Noticed a deep elf knight
  7775 | D:9      | Killed a deep elf knight
  7775 | D:9      | Reached skill level 7 in Fighting
  7775 | D:9      | Reached skill level 1 in Shields
  7955 | Lair:1   | Entered Level 1 of the Lair of Beasts
  8227 | Lair:1   | Reached skill level 2 in Shields
  8840 | Lair:2   | Found a labyrinth entrance.
  8874 | Lair:2   | Gained mutation: You possess an exceptional clarity of mind. [potion of beneficial mutation]
  8880 | Lair:2   | Noticed a four-headed hydra
  8891 | Lair:2   | Killed a one-headed hydra
  8990 | Lair:2   | Reached skill level 12 in Unarmed Combat
  9243 | Lair:2   | Reached skill level 3 in Shields
  9531 | Lair:2   | Noticed a four-headed hydra
  9539 | Lair:2   | Killed a one-headed hydra
  9721 | Lair:3   | Reached skill level 8 in Dodging
  9739 | Lair:3   | Gained mutation: You regenerate. [potion of beneficial mutation]
  9962 | Lair:3   | Found a frozen archway.
  9979 | Lair:3   | Reached XP level 12. HP: 106/119 MP: 11/11
  9990 | IceCv    | Entered an ice cave
 10012 | IceCv    | Reached skill level 8 in Fighting
 10239 | Lair:3   | Reached skill level 4 in Shields
 10280 | Lair:3   | Found a staircase to the Swamp.
 10756 | Lair:3   | Noticed a seven-headed hydra
 11084 | Lair:3   | Reached skill level 13 in Unarmed Combat
 11139 | Lair:4   | Noticed nublet's ghost (journeyman DsTm)
 11211 | Lair:4   | Killed nublet's ghost
 11435 | Lair:4   | Reached skill level 5 in Shields
 11457 | Lair:4   | Noticed Nergalle
 11477 | Lair:4   | Killed Nergalle
 11781 | Lair:4   | Noticed a five-headed hydra
 11795 | Lair:4   | Killed a one-headed hydra
 11851 | Lair:4   | Noticed an eight-headed hydra
 11854 | Lair:4   | Reached skill level 9 in Dodging
 12015 | Lair:4   | Reached XP level 13. HP: 82/128 MP: 12/12
 12033 | Lair:4   | HP: 13/130 [death yak (21)]
 12034 | Lair:4   | Reached skill level 14 in Unarmed Combat
 12619 | Lair:5   | Reached skill level 9 in Fighting
 12644 | Lair:5   | Noticed Maud
 12661 | Lair:5   | Killed Maud
 12806 | Lair:5   | Reached skill level 6 in Shields
 12808 | Lair:5   | Got a twisted quarterstaff
 12809 | Lair:5   | Identified the +6 quarterstaff of Spring {crush, Fragile +Rage Str+6 Dex+4} (You found it on level 5 of the Lair of Beasts)
 13664 | Lair:6   | Found a staircase to the Slime Pits.
 13699 | Slime:1  | Entered Level 1 of the Pits of Slime
 13714 | Slime:1  | Killed Donald
 13732 | Lair:6   | Reached skill level 1 in Evocations
 13811 | Slime:1  | Gained mutation: Scrolls take you a little longer to read. [a shining eye]
 13968 | Slime:2  | Noticed an acid blob
 13976 | Slime:1  | Noticed an acid blob
 13983 | Slime:1  | HP: 28/131 [acid (12)]
 13984 | Slime:1  | Killed an acid blob
 13984 | Slime:1  | Reached skill level 10 in Dodging
 13984 | Slime:1  | Reached skill level 2 in Evocations
 14004 | Slime:1  | HP: 29/132 [slime creature (8)]
 14006 | Slime:1  | HP: 12/132 [slime creature (20)]
 14019 | Lair:6   | HP: 21/132 [slime creature (7)]
 14141 | Slime:2  | HP: 32/132 [large slime creature (13)]
 14147 | Slime:1  | HP: 10/132 [slime creature (15)]
 14148 | Slime:1  | Slain by a slime creature

Vault maps used:
D:1:      erik_arrival_orb_chamber, minmay_distorted
D:2:      grunt_gozag_statues, lemuel_blue_sif_altar, first_bread, uniq_natasha
D:3:      minmay_cut_off
D:4:      marbit_many_paths, uniq_edmund, uniq_grinder
D:5:      elyvilon_altar_3, serial_corexii_hall, corexii_hall_statues_x,
          corexii_hall_statues_i, corexii_hall_statues_i
D:6:      tso_metal_star, uniq_blork_the_orc, uniq_duvessa
D:7:      kennysheep_steamy, temple_green, grunt_ogre_cave
D:8:      minmay_opposing_rooms, kennysheep_mini_moat, ashenzari_altar_1,
          lemuel_coloured_pillars_altar, nicolae_qazlal_general_emergency,
          overflow_temple_1_default, minivault_10, minmay_fire_ice_demons,
          uniq_psyche, uniq_pikel, uniq_grum, uniq_erica
D:9:      grunt_lair_entry_orc_guard_hut, erik_orc_3, serial_shops, shop,
          nicolae_shop_statue_plus, kennysheep_little_box, sword_in_stone
Temple:   chambers_temple_10
Lair:1:   grunt_megastairs_5
Lair:2:   lab_entry_generic, bobbens_dragon_lair_wall, lemuel_fruit_fields
Lair:3:   swamp_mist_pool, portal_ice_cave_entry_pillars_01, st_stairs_3,
          beast_lair_carwin_9, serial_bayou_shore_b, infiniplex_staircase_pool_2
Lair:4:   special_room, grunt_megastairs_4, uniq_nergalle
Lair:5:   infiniplex_staircase_pool, uniq_maud
Lair:6:   minmay_snake_entry_spellcaster, minmay_slime_entry_jelly_boxes,
          minivault_29
Slime:1:  uniq_donald
Slime:2:  nicolae_slime_welcoming_committee
IceCv:    ice_cave_statue_garden_01

Action                   |  1- 3 |  4- 6 |  7- 9 | 10-12 | 13-15 || total
-------------------------+-------+-------+-------+-------+-------++-------
Melee: Unarmed           |    89 |   130 |   293 |   941 |   275 ||  1728
       Long sword        |       |       |       |    21 |       ||    21
Throw: Javelin           |       |       |       |     3 |       ||     3
Evoke: Rod               |       |       |     7 |    16 |     1 ||    24
       Wand              |       |       |       |     1 |       ||     1
       Stone of tremors  |       |       |       |       |     1 ||     1
  Use: Scroll            |       |       |     8 |    24 |     3 ||    35
       Potion            |       |       |       |     2 |     1 ||     3
 Stab: Sleeping          |     3 |       |       |     2 |     1 ||     6
       Confused          |       |       |     5 |     3 |       ||     8
  Eat: Chunk             |     8 |    18 |    31 |    67 |    16 ||   140

Vault maps used:
D:1:      erik_arrival_orb_chamber, minmay_distorted
D:2:      grunt_gozag_statues, lemuel_blue_sif_altar, first_bread, uniq_natasha
D:3:      minmay_cut_off
D:4:      marbit_many_paths, uniq_edmund, uniq_grinder
D:5:      elyvilon_altar_3, serial_corexii_hall, corexii_hall_statues_x,
          corexii_hall_statues_i, corexii_hall_statues_i
D:6:      tso_metal_star, uniq_blork_the_orc, uniq_duvessa
D:7:      kennysheep_steamy, temple_green, grunt_ogre_cave
D:8:      minmay_opposing_rooms, kennysheep_mini_moat, ashenzari_altar_1,
          lemuel_coloured_pillars_altar, nicolae_qazlal_general_emergency,
          overflow_temple_1_default, minivault_10, minmay_fire_ice_demons,
          uniq_psyche, uniq_pikel, uniq_grum, uniq_erica
D:9:      grunt_lair_entry_orc_guard_hut, erik_orc_3, serial_shops, shop,
          nicolae_shop_statue_plus, kennysheep_little_box, sword_in_stone
Temple:   chambers_temple_10
Lair:1:   grunt_megastairs_5
Lair:2:   lab_entry_generic, bobbens_dragon_lair_wall, lemuel_fruit_fields
Lair:3:   swamp_mist_pool, portal_ice_cave_entry_pillars_01, st_stairs_3,
          beast_lair_carwin_9, serial_bayou_shore_b, infiniplex_staircase_pool_2
Lair:4:   special_room, grunt_megastairs_4, uniq_nergalle
Lair:5:   infiniplex_staircase_pool, uniq_maud
Lair:6:   minmay_snake_entry_spellcaster, minmay_slime_entry_jelly_boxes,
          minivault_29
Slime:1:  uniq_donald
Slime:2:  nicolae_slime_welcoming_committee
IceCv:    ice_cave_statue_garden_01

Table legend:
 A = Turns spent in this place as a percentage of turns spent in the entire game.
 B = Non-inter-level travel turns spent in this place as a percentage of non-inter-level travel turns spent in the entire game.
 C = Inter-level travel turns spent in this place as a percentage of turns spent in this place.
 D = Turns resting spent in this place as a percentage of non-inter-level travel turns spent in this place.
 E = Turns spent auto-exploring this place as a percentage of non-inter-level travel turns spent in this place.
 F = Non-inter-level travel turns spent in this place divided by the number of levels of this place that you've seen.
                   A       B       C       D       E      F
               +-------+-------+-------+-------+-------+----------------------
         Total | 100.0 | 100.0 |   0.5 |   1.2 |   9.1 | 237.4
       Dungeon |  54.0 |  54.0 |   0.5 |   0.7 |  11.0 | 270.8
        Temple |   0.3 |   0.3 |   7.7 |   0.0 |  91.7 |  12.0
          Lair |  41.1 |  41.2 |   0.4 |   1.6 |   6.8 | 309.5
    Slime Pits |   3.4 |   3.3 |   1.3 |   1.3 |   2.6 |  75.5
      Ice Cave |   1.2 |   1.2 |   0.0 |   3.7 |   0.0 |  54.0
               +-------+-------+-------+-------+-------+----------------------

Table legend:
 A = Kills in this place as a percentage of kills in entire the game.
 B = Kills by you in this place as a percentage of kills by you in the entire game.
 C = Kills by friends in this place as a percentage of kills by friends in the entire game.
 D = Other kills in this place as a percentage of other kills in the entire game.
 E = Experience gained in this place as a percentage of experience gained in the entire game.
 F = Experience gained in this place divided by the number of levels of this place that you have seen.
                   A       B       C       D       E      F
               +-------+-------+-------+-------+-------+----------------------
         Total | 100.0 | 100.0 | 100.0 | 100.0 | 100.0 | 3265.0
       Dungeon |  47.7 |  47.9 |   0.0 |  40.0 |  20.6 | 1416.6
          Lair |  47.5 |  47.5 | 100.0 |  40.0 |  67.5 | 6978.7
    Slime Pits |   3.3 |   3.2 |   0.0 |  20.0 |  10.5 | 3261.0
      Ice Cave |   1.4 |   1.4 |   0.0 |   0.0 |   1.4 | 892.0
               +-------+-------+-------+-------+-------+----------------------
